 Dungeon Crawl Stone Soup version 0.27-a0-906-g0a00ce863d (webtiles) character file.

Game seed: 7625664221831496033

8477 robertstho the Protected (level 11, -9/156 HPs)
             Began as a Minotaur Berserker on Apr 6, 2021.
             Was a High Priest of Trog.
             Mangled by Snorg (13 damage)
             ... on level 10 of the Dungeon.
             The game lasted 00:09:30 (8051 turns).

robertstho the Protected (Minotaur Berserker)       Turns: 8051, Time: 00:09:31

Health: -9/156     AC: 16    Str: 29    XL:     11   Next: 10%
Magic:  10/10      EV: 10    Int:  5    God:    Trog [*****.]
Gold:   318        SH:  0    Dex: 11    Spells: 10/10 levels left

rFire    . . .     SeeInvis .   G - +1 broad axe (flame)
rCold    . . .     Faith    .   (no shield)
rNeg     . . .     Spirit   .   i - +0 chain mail
rPois    +         Reflect  .   (helmet restricted)
rElec    .         Harm     .   (no cloak)
rCorr    .         Rampage  .   (no gloves)
Will     .....                  F - +2 pair of boots {Stlth+}
Stlth    ..........             A - amulet of regeneration
HPRegen  1.36/turn              v - ring of poison resistance
MPRegen  0.12/turn              w - +6 ring of strength

@: berserking, very quick
A: horns 2, retaliatory headbutt
a: Renounce Religion, Berserk, Trog's Hand, Brothers in Arms


You were on level 10 of the Dungeon.
You worshipped Trog.
Trog was extremely pleased with you.
You visited 1 branch of the dungeon, and saw 10 of its levels.

You collected 514 gold pieces.
You spent 196 gold pieces at shops.

Inventory:

Hand Weapons
 e - a +2 hand axe of freezing
 l - a +2 war axe of flaming
 u - the +11 rapier "Pevex" {flame, rElec rN+ Will+++ Str+4}
   (You found it on level 6 of the Dungeon)

   It has been specially enchanted to burn those struck by it, causing extra
   injury to most foes and up to half again as much damage against particularly
   susceptible opponents.
   It affects your strength (+4).
   It insulates you from electricity.
   It protects you from negative energy.
   It greatly increases your willpower.
 G - a +1 broad axe of flaming (weapon)
Missiles
 m - a throwing net
Armour
 i - a +0 chain mail (worn)
 F - a +2 pair of boots of stealth (worn)
Jewellery
 v - a ring of poison resistance (left hand)
 w - a +6 ring of strength (right hand)
 A - an amulet of regeneration (around neck)
 C - a ring of flight
Wands
 y - a wand of charming (8)
 D - a wand of flame (9)
Scrolls
 a - 4 scrolls of noise {unknown}
 b - 2 scrolls of fear {unknown}
 c - 2 scrolls of immolation {unknown}
 d - a scroll of magic mapping
 f - a scroll of fog {unknown}
 g - a scroll of holy word {unknown}
 h - 4 scrolls of teleportation
 j - a scroll of enchant armour {unknown}
 n - 2 scrolls of brand weapon
 o - 2 scrolls of blinking
 s - 2 scrolls of torment {unknown}
 t - a scroll of enchant weapon
 B - 4 scrolls of identify
Potions
 k - 2 potions of magic
 p - a potion of heal wounds
 q - a potion of curing
 r - 3 potions of mutation
 x - a potion of lignification {unknown}
 z - a potion of berserk rage {unknown}
 E - a potion of might {unknown}
 H - a potion of cancellation {unknown}
Miscellaneous
 I - a lightning rod (4/4)


   Skills:
 * Level 11.6 Fighting
 + Level 11.8 Axes
 * Level 12.5 Armour
 + Level 3.3 Dodging


You had 10 spell levels left.
You didn't know any spells.
Your spell library was empty.

Dungeon Overview and Level Annotations

Branches:
Dungeon (10/15)            Temple (0/1) D:4            Lair (0/6) D:8
    Orc: D:9-12

Altars:
Ashenzari
Cheibriados
Gozag
Hepliaklqana
Uskayaw
Wu Jian
Yredelemnul

Shops:
D:6 (   D:9 (

Annotations:
D:10 Snorg


Innate Abilities, Weirdness & Mutations

You have a pair of horns on your head.
You reflexively headbutt those who attack you in melee.


Message History

A red film seems to cover your vision as you go berserk!
You feel yourself moving faster!
You feel mighty! Snorg barely misses you. x2
Snorg claws you!
You closely miss Snorg.
Snorg is lightly wounded.
Snorg bites you! Snorg closely misses you. Snorg claws you but does no damage.
You closely miss Snorg. Your headbutt misses Snorg.
Snorg is lightly wounded.
Snorg bites you!
* * * LOW HITPOINT WARNING * * *
Snorg barely misses you. x2
You slash Snorg! You burn Snorg.
Snorg is moderately wounded.
Snorg bites you!
* * * LOW HITPOINT WARNING * * *
Snorg completely misses you. Snorg claws you!
* * * LOW HITPOINT WARNING * * *
You slice Snorg!! You burn Snorg!
Snorg is heavily wounded.
Snorg bites you.
* * * LOW HITPOINT WARNING * * *
Snorg claws you but does no damage. Snorg claws you.
* * * LOW HITPOINT WARNING * * *
You slice Snorg!! You burn Snorg. Your headbutt misses Snorg.
Snorg is severely wounded.
Snorg closely misses you. You furiously retaliate!
You headbutt Snorg! Snorg claws you.
* * * LOW HITPOINT WARNING * * *
Snorg claws you!
* * * LOW HITPOINT WARNING * * *
You closely miss Snorg.
Snorg is severely wounded.
Snorg closely misses you. Snorg claws you!
* * * LOW HITPOINT WARNING * * *
Snorg claws you but does no damage.
You barely miss Snorg.
Snorg is severely wounded.
Snorg bites you but does no damage. Snorg claws you but does no damage.
Snorg claws you!
You die...

..........
#.#.###### #.# #.#.#
#.# #.#.# #.# ..#.#
#.# ###.# ######.#
.. ...##.# ##
#.##.######(.#
#.....@T.....#
#######.##.#########
...........#
#######.#### #.#
###########.#
............#
#############


You could see Snorg (berserk).

Vanquished Creatures
  The ghost of sleeves the Basher, a novice PaWr of Nemelex Xobeh (D:6)
  The ghost of dolemite99 the Chiller, a novice DrTm of Dithmenos (D:6)
  The ghost of Zeld the Conjurer, a novice OpCj of Vehumet (D:6)
  Joseph (D:7)
  A troll (D:9)
  Sigmund (D:5)
  2 shadows (D:9)
  14 yaks
  Grum (D:10)
  A steam dragon (D:7)
  An acid dragon (D:10)
  3 water moccasins
  Duvessa (D:6)
  The ghost of CurlyBrace the Vexing, an amateur FeEn of Cheibriados (D:6)
  2 black bears
  2 sky beasts (D:6)
  A necrophage (D:6)
  An ogre (D:5)
  4 wolves (D:10)
  3 kobold brigands
  Blork the orc (D:6)
  3 bullfrogs
  A gnoll sergeant (D:9)
  5 scorpions
  A water moccasin zombie (D:6)
  Dowan (D:6)
  7 killer bees
  3 wights (D:9)
  3 howler monkeys
  A centaur zombie (D:5)
  A bullfrog zombie (D:7)
  A gnoll shaman (D:5)
  A jelly (D:7)
  An orc priest (D:4)
  5 hounds
  A centaur skeleton (D:6)
  2 iguanas
  7 orc wizards
  2 hound skeletons
  A howler monkey zombie (D:6)
  9 gnolls
  5 adders
  A howler monkey skeleton (D:6)
  2 shadow imps (D:6)
  A white imp (D:7)
  An adder zombie (D:2)
  2 dart slugs (D:1)
  19 orcs
  6 ball pythons
  4 endoplasms
  3 giant cockroaches
  5 goblins
  7 hobgoblins
  14 jackals
  3 quokkas
  5 bats
  3 frilled lizards
  A giant cockroach zombie (D:2)
  18 kobolds
  A rat (D:4)
201 creatures vanquished.

Vanquished Creatures (others)
  12 plants (D:4)
12 creatures vanquished.

Grand Total: 213 creatures vanquished

Notes
Turn   | Place    | Note
-------+----------+-------------------------------------------
     0 | D:1      | robertstho the Minotaur Berserker began the quest for the
                  | Orb.
     0 | D:1      | Reached XP level 1. HP: 19/19 MP: 0/0
   104 | D:1      | Reached XP level 2. HP: 16/27 MP: 1/1
   395 | D:1      | Reached XP level 3. HP: 34/34 MP: 2/2
   723 | D:1      | Reached ** piety under Trog
   857 | D:1      | Reached skill level 3 in Armour
  1193 | D:2      | Found a faded altar of an unknown god.
  1550 | D:3      | Reached XP level 4. HP: 41/41 MP: 3/3
  1672 | D:3      | Reached skill level 5 in Fighting
  1917 | D:3      | Reached skill level 5 in Axes
  2399 | D:4      | Reached XP level 5. HP: 48/48 MP: 4/4
  2416 | D:4      | Reached skill level 4 in Armour
  2718 | D:4      | Reached XP level 6. HP: 32/56 MP: 5/5
  2721 | D:4      | Reached *** piety under Trog
  2724 | D:4      | Reached skill level 5 in Armour
  2982 | D:4      | Found a broken altar of Ashenzari.
  3143 | D:4      | Found a staircase to the Ecumenical Temple.
  3221 | D:5      | Entered Level 5 of the Dungeon
  3228 | D:5      | Noticed Sigmund
  3232 | D:5      | Killed Sigmund
  3233 | D:5      | Reached XP level 7. HP: 63/63 MP: 6/6
  3253 | D:5      | Reached skill level 6 in Armour
  3262 | D:5      | Noticed a yak
  3266 | D:5      | Noticed a yak
  3266 | D:5      | Noticed a yak
  3266 | D:5      | Noticed a yak
  3266 | D:5      | Noticed a yak
  3268 | D:5      | Noticed a yak
  3274 | D:5      | Killed a yak
  3277 | D:5      | Killed a yak
  3278 | D:5      | Killed a yak
  3279 | D:5      | Reached skill level 7 in Armour
  3279 | D:5      | Reached XP level 8. HP: 59/73 MP: 7/7
  3286 | D:5      | Reached skill level 8 in Armour
  3896 | D:5      | Reached skill level 9 in Armour
  3896 | D:5      | Reached XP level 9. HP: 82/82 MP: 8/8
  4096 | D:5      | Found an ornate altar of the Wu Jian Council.
  4528 | D:5      | Found a hazy altar of Hepliaklqana.
  4591 | D:5      | Identified the +9 dagger of Loutagoa {freeze, rF+}
  4620 | D:6      | Noticed Dowan
  4623 | D:6      | Noticed Duvessa
  4630 | D:6      | Killed Duvessa
  4633 | D:6      | Killed Dowan
  4778 | D:6      | Found a snail-covered altar of Cheibriados.
  4860 | D:6      | Reached skill level 10 in Armour
  4974 | D:6      | Found Voatwull's Antique Weapon Shoppe.
  5018 | D:6      | Reached **** piety under Trog
  5236 | D:6      | Noticed Zeld's ghost (novice OpCj)
  5237 | D:6      | Identified the +11 rapier "Pevex" {flame, rElec rN+ Will+++
                  | Str+4}
  5237 | D:6      | Noticed sleeves's ghost (novice PaWr)
  5237 | D:6      | Noticed CurlyBrace's ghost (amateur FeEn)
  5238 | D:6      | Found a runed translucent gate.
  5238 | D:6      | Found a runed translucent gate.
  5238 | D:6      | Found a runed translucent gate.
  5238 | D:6      | Noticed dolemite99's ghost (novice DrTm)
  5238 | D:6      | Noticed Blork the orc
  5251 | D:6      | Killed Blork the orc
  5264 | D:6      | Killed CurlyBrace's ghost
  5267 | D:6      | Killed dolemite99's ghost
  5268 | D:6      | Reached skill level 10 in Fighting
  5268 | D:6      | Reached skill level 11 in Armour
  5271 | D:6      | Killed Zeld's ghost
  5272 | D:6      | Reached XP level 10. HP: 67/93 MP: 9/9
  5285 | D:6      | Killed sleeves's ghost
  5286 | D:6      | Reached skill level 10 in Axes
  5676 | D:6      | Identified a scroll of acquirement
  5685 | D:6      | Acquired a +2 war axe of flaming
  6242 | D:7      | Found an opulent altar of Gozag.
  6472 | D:7      | Noticed Joseph
  6481 | D:7      | Killed Joseph
  6701 | D:8      | Found a staircase to the Lair.
  6830 | D:8      | Reached skill level 12 in Armour
  7273 | D:9      | Found Ygro's Antique Weapon Emporium.
  7276 | D:9      | Bought a runed broad axe for 196 gold pieces
  7524 | D:9      | Reached XP level 11. HP: 96/102 MP: 10/10
  7564 | D:9      | Found a hide-covered altar of Uskayaw.
  7733 | D:10     | Entered Level 10 of the Dungeon
  7796 | D:10     | Found a basalt altar of Yredelemnul.
  7875 | D:10     | Noticed Grum
  7882 | D:10     | Killed Grum
  7892 | D:10     | Reached ***** piety under Trog
  8036 | D:10     | Noticed Snorg
  8050 | D:10     | HP: 3/156 [Snorg (8)]
  8051 | D:10     | Mangled by Snorg

Illustrated notes

Levels and vault maps discovered:
D:1:      lightli_arrival_noodles, layout_rooms, kennysheep_another_room,
          chequers_serial_rivers_micro_c, minmay_3d_cube
D:2:      layout_basic, basic_ecumenical_altar, serial_undead, serial_undead_d,
          serial_undead_c, serial_undead_a, serial_undead_f
D:3:      layout_basic, grunt_ministairs_2, minmay_misc_feat_doors,
          chequers_serial_rivers_marsh, columned_hall_lemuel,
          minmay_tree_intersection, minmay_splitting_lines
D:4:      layout_rooms, lemuel_doored_altar, minmay_temple_entry_grid,
          lexackson_kobold_supper
D:5:      layout_gridville, nicolae_wu_jian_immortal_techniques,
          nicolae_hepliaklqana_hippocampus, uniq_sigmund
D:6:      layout_loops_ring, overflow_temple_1_default,
          gammafunk_ghost_cemetery, serial_shops, shop, uniq_duvessa,
          uniq_blork_the_orc
D:7:      layout_cave_pools, grunt_gozag_statues, serial_glass, glass_columns_a,
          glass_columns_b, glass_columns_a, glass_columns_a,
          due_unseen_surprise, minmay_strange_pillars,
          nicolae_underground_beach, uniq_joseph
D:8:      layout_cave_pools, lair_entry_dummy
D:9:      layout_cave_pools, grunt_temple_overflow_lords_of_destruction,
          nicolae_uskayaw_dance_studio, serial_shops, nicolae_shop_statue_plus,
          serial_column_ruins, column_ruins_hut, column_ruins_circle_medium,
          column_ruins_open_tiny, column_ruins_grid_2, column_ruins_open_large,
          column_ruins_grid_1
D:10:     layout_loops_ring, grunt_temple_overflow_forces_of_nature,
          nicolae_overflow_crystal_walls, yredelemnul_altar_generic, uniq_grum,
          uniq_snorg

Skill      XL: |  1  2  3  4  5  6  7  8  9 10 |
---------------+-------------------------------+-----
Fighting       | 4 5 6 7 8 10 11 | 11.6
Axes           | 4 5 6 7 8 9 11 | 11.8
Armour         | 3 4 5 7 9 11 12 | 12.5
Dodging        | 3 |  3.3

Action                   |  1- 3 |  4- 6 |  7- 9 | 10-12 || total
-------------------------+-------+-------+-------+-------++-------
Melee: Hand axe          |    65 |    72 |   172 |    21 ||   330
       Headbutt          |     9 |    11 |    37 |    38 ||    95
       War axe           |       |       |       |    85 ||    85
       Broad axe         |       |       |       |    69 ||    69
Invok: Berserk           |     2 |     2 |     4 |     3 ||    11
  Use: Scroll            |     3 |       |     3 |     6 ||    12
       Potion            |       |     2 |       |       ||     2
Armor: Animal skin       |     2 |       |       |       ||     2
       Scale mail        |    17 |       |       |       ||    17
       Chain mail        |     8 |    34 |    77 |   110 ||   229
Dodge: Dodged            |    32 |    33 |    61 |    96 ||   222

Table legend: (Time is in decaauts)
 A = Elapsed time spent in this place.
 B = Non-inter-level travel time spent in this place.
 C = Inter-level travel time spent in this place.
 D = Time resting spent in this place.
 E = Time spent auto-exploring this place.
 F = Levels seen in this place.
 G = Mean time per level.
                   A        B        C        D        E       F      G
               +--------+--------+--------+--------+--------+-----+--------+
         Total |   8099 |   7809 |    290 |    375 |   6380 |  10 |  809.9 |
       Dungeon |   8099 |   7809 |    290 |    375 |   6380 |  10 |  809.9 |
               +--------+--------+--------+--------+--------+-----+--------+

Top non-repeatable levels by time:
     D:6: 1349 daAuts
     D:5: 1299 daAuts
     D:4: 1038 daAuts
     D:1: 891 daAuts
     D:3: 817 daAuts
     D:7: 681 daAuts
     D:2: 668 daAuts
     D:8: 573 daAuts
     D:9: 463 daAuts
    D:10: 316 daAuts
